 Dungeon Crawl Stone Soup version 0.22-a0-571-g4a923d4 (webtiles) character file.

9480 Hebeh the Basher (level 11, -9/99 HPs)
             Began as a Minotaur Fighter on July 1, 2018.
             Was a Priest of Trog.
             Mangled by a five-headed hydra (10 damage)
             ... on level 2 of the Lair of Beasts.
             The game lasted 00:22:39 (8992 turns).

Hebeh the Basher (Minotaur Fighter)                 Turns: 8992, Time: 00:22:41

Health: -9/99      AC: 16    Str: 24    XL:     11   Next: 23%
Magic:  10/10      EV:  6    Int:  5    God:    Trog [***...]
Gold:   581        SH: 12    Dex: 10    Spells: 10/10 levels left

rFire    + + .     SeeInvis .   x - +9 flail (protect)
rCold    + . .     Gourm    .   c - +0 shield
rNeg     . . .     Faith    .   B - +0 plate armour
rPois    .         Spirit   .   (helmet restricted)
rElec    .         Reflect  .   y - scarf {rC+ rF+}
rCorr    .         Harm     .   (no gloves)
MR       ++...                  I - +0 pair of boots
Stlth    ..........             (no amulet)
HPRegen  1.26/turn              (no ring)
MPRegen  0.12/turn              A - ring of protection from fire

@: lethally poisoned (-9 -> -10), berserk cooldown, regenerating, slowed, very
slow
A: retaliatory headbutt, horns 2
a: Berserk, Trog's Hand, Renounce Religion


You were on level 2 of the Lair of Beasts.
You worshipped Trog.
Trog was most pleased with you.
You were near starving.

You visited 3 branches of the dungeon, and saw 12 of its levels.

You collected 581 gold pieces.

Inventory:

Hand Weapons
 a - a +0 war axe
 x - a +9 flail of protection (weapon)
Missiles
 v - 3 javelins (quivered)
Armour
 c - a +0 shield (worn)
 p - a +2 ring mail of fire resistance
 y - a scarf of resistance (worn)
 B - a +0 plate armour (worn)
 I - a +0 pair of boots (worn)
Jewellery
 A - a ring of protection from fire (right hand)
Wands
 q - a wand of flame (17)
 r - a wand of random effects (39)
 t - a wand of enslavement (10)
Scrolls
 e - a scroll of enchant armour {unknown}
 h - 4 scrolls of remove curse
 k - 3 scrolls of immolation {unknown}
 l - 3 scrolls of amnesia {unknown}
 m - a scroll of teleportation {unknown}
 s - 12 scrolls of identify
 u - a scroll of blinking {unknown}
 w - a scroll of fog {unknown}
 D - a scroll of random uselessness {unknown}
 F - a scroll of magic mapping {unknown}
 H - a scroll of vulnerability {unknown}
Potions
 b - a potion of invisibility {unknown}
 d - 4 potions of might
 g - 3 potions of flight {unknown}
 i - a potion of magic {unknown}
 j - 6 potions of curing
 n - a potion of ambrosia {unknown}
 o - 2 potions of brilliance {unknown}
 z - 2 potions of berserk rage {unknown}
 C - 2 potions of degeneration {unknown}
 E - a potion of lignification {unknown}
 G - a potion of haste
Miscellaneous
 J - a phial of floods
Comestibles
 f - 19 rations
 K - 6 chunks of flesh


   Skills:
 + Level 10.1 Fighting
 - Level 7.3(10.3) Axes
 * Level 11.3(12.1) Maces & Flails
 + Level 10.1 Armour
 + Level 10.1 Shields


You had 10 spell levels left.
You didn't know any spells.
Your spell library was empty.

Dungeon Overview and Level Annotations

Branches:
Dungeon (9/15)             Temple (1/1) D:4            Lair (2/6) D:9
 Spider (0/4) Lair:2          Orc (0/2) D:9
  Swamp: Lair:2-4    Shoals: Lair:2-4

Altars:
Ashenzari
Cheibriados
Elyvilon
Fedhas
Gozag
Hepliaklqana
Kikubaaqudgha
Makhleb
Nemelex Xobeh
Okawaru
Qazlal
Ru
Sif Muna
Trog
Uskayaw
Vehumet
Wu Jian
Xom
Yredelemnul
Zin
The Shining One

Annotations:
D:4 1 runed door, inc's ghost, amateur OpFE


Innate Abilities, Weirdness & Mutations

You reflexively headbutt those who attack you in melee.
You have a pair of horns on your head.


Message History

The hippogriff claws you but does no damage.
The basilisk gazes at you. You resist with almost no effort.
You block the hippogriff's attack. The hippogriff barely misses you. x2
There is an escape hatch in the floor here.
You can't go up here!
The spiny frog stings you.
* * * LOW HITPOINT WARNING * * *
You are poisoned.
The spiny frog poisons you! The basilisk gazes at you.
You resist with almost no effort. The hippogriff completely misses you.
You furiously retaliate!
You headbutt the hippogriff!
You block the hippogriff's attack. x2; The spiny frog barely misses you.
You furiously retaliate!
You headbutt the spiny frog.
The basilisk bites you but does no damage.
The five-headed hydra bites you.
* * * LOW HITPOINT WARNING * * *
The five-headed hydra bites you!
You die...

..F........... $
#.......... #.
#..<...... #.#
###..#..## ##..#######
##...## #.#..P.P#.#
..P## #.........# #...##
##........#########.#+P#
#P....D@...#.##.........
##....lHF.#.####........
#.............'........
#.<......##.##.........
#.........#####........
##.........# #........
#P........## #........
###.....### #........
####.## #........


You could see a five-headed hydra, a hippogriff, a spiny frog and a basilisk.

Vanquished Creatures
  A hydra (Lair:2)
  Pikel (D:7)
  An ugly thing (D:8)
  A black mamba (Lair:1)
  2 komodo dragons
  2 spiny frogs (Lair:1)
  2 rime drakes (Lair:1)
  3 hippogriffs
  6 yaks (D:9)
  Eustachio (D:4)
  A hungry ghost (D:9)
  Edmund (D:5)
  2 water moccasins (Lair:1)
  A porcupine (Lair:1)
  5 ice beasts
  2 sky beasts
  2 black bears (D:8)
  A slave (D:7)
  A phantom (D:8)
  3 centaurs
  An ogre (D:4)
  3 crocodiles
  A big kobold (D:8)
  10 bullfrogs
  A scorpion (D:4)
  A wyvern skeleton (D:9)
  8 wights
  A howler monkey (D:5)
  3 crimson imps
  A bullfrog zombie (D:6)
  2 quasits
  A centaur zombie (D:9)
  2 orc priests (D:8)
  3 hounds
  A jelly (D:5)
  7 orc wizards
  A centaur skeleton (D:8)
  A gnoll shaman (D:6)
  3 iguanas
  7 worker ants
  A hound skeleton (D:5)
  2 worker ant zombies
  A howler monkey zombie (D:9)
  7 gnolls
  15 adders
  A howler monkey skeleton (D:7)
  2 oozes
  2 adder skeletons (D:4)
  3 worms
  2 dart slugs
  3 leopard geckos
  15 orcs
  5 giant cockroaches
  7 goblins
  4 hobgoblins
  18 jackals
  4 quokkas
  3 ball pythons
  9 bats
  3 frilled lizards
  A giant cockroach zombie (D:5)
  A jackal zombie (D:8)
  9 kobolds
  10 rats
225 creatures vanquished.

Notes
Turn   | Place    | Note
-------+----------+-------------------------------------------
     0 | D:1      | Hebeh the Minotaur Fighter began the quest for the Orb.
     0 | D:1      | Reached XP level 1. HP: 19/19 MP: 0/0
    82 | D:1      | Reached XP level 2. HP: 27/27 MP: 1/1
   298 | D:1      | Reached XP level 3. HP: 33/33 MP: 2/2
   589 | D:2      | Reached XP level 4. HP: 37/40 MP: 3/3
  1474 | D:3      | Reached XP level 5. HP: 47/47 MP: 4/4
  1700 | D:3      | Found a faded altar of an unknown god.
  1881 | D:3      | Found a blossoming altar of Fedhas.
  2184 | D:4      | Reached skill level 5 in Axes
  2212 | D:4      | Reached XP level 6. HP: 43/55 MP: 5/5
  2444 | D:4      | Noticed Eustachio
  2447 | D:4      | Reached skill level 5 in Fighting
  2447 | D:4      | Reached skill level 5 in Armour
  2447 | D:4      | Reached skill level 5 in Shields
  2452 | D:4      | Killed Eustachio
  2452 | D:4      | Reached XP level 7. HP: 58/61 MP: 6/6
  2882 | D:4      | Found a staircase to the Ecumenical Temple.
  2936 | Temple   | Entered the Ecumenical Temple
  3069 | Temple   | Became a worshipper of Trog the Wrathful
  3219 | D:4      | Found a runed door.
  3219 | D:4      | Noticed inc's ghost (amateur OpFE)
  3561 | D:5      | Entered Level 5 of the Dungeon
  3607 | D:5      | Noticed Edmund
  3621 | D:5      | Killed Edmund
  3820 | D:5      | Reached skill level 1 in Maces & Flails
  3820 | D:5      | Reached XP level 8. HP: 70/70 MP: 7/7
  3947 | D:5      | Reached skill level 2 in Maces & Flails
  4033 | D:5      | Found a radiant altar of Vehumet.
  4057 | D:5      | Reached skill level 3 in Maces & Flails
  4465 | D:6      | Reached skill level 4 in Maces & Flails
  4606 | D:6      | Reached * piety under Trog
  4720 | D:6      | Reached skill level 5 in Maces & Flails
  5064 | D:7      | Reached XP level 9. HP: 79/79 MP: 8/8
  5087 | D:7      | Found a stormy altar of Qazlal.
  5105 | D:7      | Noticed Pikel
  5114 | D:7      | Killed Pikel
  5114 | D:7      | Reached skill level 6 in Maces & Flails
  5715 | D:8      | Reached skill level 7 in Maces & Flails
  5911 | D:8      | Found an ornate altar of the Wu Jian Council.
  5944 | D:8      | Reached ** piety under Trog
  5985 | D:8      | Found a bloodstained altar of Trog.
  5996 | D:8      | Reached skill level 8 in Maces & Flails
  6179 | D:8      | Noticed a brown ugly thing
  6193 | D:8      | Killed a brown ugly thing
  6193 | D:8      | Reached XP level 10. HP: 46/90 MP: 9/9
  6697 | D:9      | Found a staircase to the Orcish Mines.
  6890 | D:9      | Reached skill level 9 in Maces & Flails
  6965 | D:9      | Found a hide-covered altar of Uskayaw.
  6968 | D:9      | Noticed a dagger
  6968 | D:9      | Noticed a dagger
  6993 | D:9      | Reached *** piety under Trog
  7111 | D:9      | Found a staircase to the Lair.
  7433 | Lair:1   | Entered Level 1 of the Lair of Beasts
  7457 | Lair:1   | Noticed a spiny frog
  7467 | Lair:1   | Killed a spiny frog
  7467 | Lair:1   | Reached skill level 10 in Maces & Flails
  7797 | Lair:1   | Found a frozen archway.
  7855 | Lair:1   | Noticed a spiny frog
  7861 | Lair:1   | Killed a spiny frog
  7861 | Lair:1   | Reached XP level 11. HP: 74/99 MP: 10/10
  8503 | Lair:1   | Reached skill level 11 in Maces & Flails
  8682 | Lair:2   | Found a hole to the Spider Nest.
  8791 | Lair:2   | Reached skill level 10 in Armour
  8791 | Lair:2   | Reached skill level 10 in Shields
  8796 | Lair:2   | Reached skill level 10 in Fighting
  8962 | Lair:2   | Noticed a five-headed hydra
  8965 | Lair:2   | Noticed a five-headed hydra
  8975 | Lair:2   | Killed a five-headed hydra
  8981 | Lair:2   | HP: 2/99 [five-headed hydra (9)]
  8987 | Lair:2   | HP: 2/99 [hippogriff (6)]
  8992 | Lair:2   | HP: 2/99 [spiny frog (5)]
  8992 | Lair:2   | Mangled by a five-headed hydra

Vault maps used:
D:1:      saegor_arrival_simple_e
D:3:      fedhas_altar_fruit_tree, chequers_ecumenical_altar_island
D:4:      kb_forest_paths, minmay_temple_entry_glass,
          hellmonk_ghost_happy_afterlife, first_ration, st_stairs_5,
          uniq_eustachio
D:5:      nicolae_overflow_crystal_walls, serial_glass, glass_columns_a,
          glass_columns_b, uniq_edmund
D:6:      nicolae_dithmenos_through_a_glass_darkly, grunt_decor_one_mirror
D:7:      grunt_qazlal_clouds, uniq_pikel
D:8:      overflow_temple_1_default, blue_anna_alchemist, trog_ov_bears_minmay
D:9:      dancing_weapons_uskayaw, lair_entry_dummy, orc_0_dummy
Temple:   regret_index_temple_sphere_string
Lair:1:   portal_ice_cave_rime, grunt_megastairs_2
Lair:2:   spider_nest_entry_web_field, serial_bayou_shore_a, uniq_gastronok,
          uniq_harold

Skill      XL: |  1  2  3  4  5  6  7  8  9 10 11 |
---------------+----------------------------------+-----
Axes           | 3 4 5 6 7 |  7.3
Armour         | 4 5 6 7 8 9 10 | 10.1
Shields        | 4 5 6 7 8 9 10 | 10.1
Fighting       | 4 5 6 7 8 9 10 | 10.1
Maces & Flails | 1 5 8 10 11 | 11.3

Action                   |  1- 3 |  4- 6 |  7- 9 | 10-12 || total
-------------------------+-------+-------+-------+-------++-------
Melee: War axe           |    89 |   116 |    83 |       ||   288
       Headbutt          |    14 |    17 |    50 |    43 ||   124
       Flail             |       |       |   177 |   185 ||   362
Invok: Berserk           |       |       |       |     1 ||     1
       Trog's Hand       |       |       |       |     1 ||     1
  Use: Scroll            |       |       |     7 |       ||     7
  Eat: Chunk             |       |     5 |    12 |     9 ||    26
Armor: Scale mail        |    61 |    24 |       |       ||    85
       Ring mail         |       |    14 |    67 |       ||    81
       Plate armour      |       |       |    40 |   106 ||   146
Dodge: Dodged            |    36 |    31 |    57 |    41 ||   165
Block: Shield            |    63 |    57 |   126 |   105 ||   351

Table legend:
 A = Spawn XP
 B = Non-spawn XP
 C = Spawn XP percentage of total XP
 D = Spawn monster count
 E = Non-spawn monster count
 F = Spawn count percentage of total count
 G = Total turns spent on level
                    A         B        C        D         E        F      G
               +---------+---------+-------+---------+---------+-------+---------
         Total |       0 |   13543 |   0.0 |       0 |     224 |   0.0 |  8992
               +---------+---------+-------+---------+---------+-------+---------
           D:1 |       0 |      55 |   0.0 |       0 |      31 |   0.0 |   477
           D:2 |       0 |     133 |   0.0 |       0 |      25 |   0.0 |   990
           D:3 |       0 |      73 |   0.0 |       0 |      20 |   0.0 |   710
           D:4 |       0 |     900 |   0.0 |       0 |      34 |   0.0 |  1225
           D:5 |       0 |     841 |   0.0 |       0 |      14 |   0.0 |   848
           D:6 |       0 |     564 |   0.0 |       0 |      14 |   0.0 |   378
           D:7 |       0 |    1184 |   0.0 |       0 |      13 |   0.0 |   891
           D:8 |       0 |    2256 |   0.0 |       0 |      26 |   0.0 |  1012
           D:9 |       0 |    2358 |   0.0 |       0 |      29 |   0.0 |   743
        Lair:1 |       0 |    3567 |   0.0 |       0 |      14 |   0.0 |  1337
        Lair:2 |       0 |    1612 |   0.0 |       0 |       4 |   0.0 |   222
               +---------+---------+-------+---------+---------+-------+---------
